Map: Ruins of Endion

Players

GamerRichy

  • Race: Terran Terran
  • League: Grandmaster

Miszu - Winner!

  • Race: Terran Terran
  • League: Grandmaster

VOD

Have the link to the VOD?

Description

Time

  • Played on: May 28, 2016, 5:43 p.m.
  • Length: 16:47
Show
View Real Time Build Order
Export as new Build Order

GamerRichy Terran 

Build Orders: Bio Tank 

Get SALT Encoding   

  12  0:01  SCV  
  13  0:13  SCV  
  14  0:18  Supply Depot  
  14  0:25  SCV  
  15  0:39  SCV  
  15  0:41  Barracks  
  16  0:44  Refinery  
  16  0:51  SCV  
  17  1:03  SCV  
  18  1:15  SCV  
  19  1:27  Barracks Reactor  
  19  1:29  Orbital Command  
  19  1:43  Command Center  
  19  1:54  Supply Depot  
  19  1:55  SCV  
  20  2:03  Reaper  
  20  2:04  Reaper  
  20  2:07  SCV  
  23  2:12  Refinery  
  22  2:20  Barracks  
  22  2:22  SCV  
  23  2:34  SCV  
  23  2:35  Marine  
  23  2:36  Marine  
  26  2:48  SCV  
  27  2:53  Factory, Marine x2  
  29  2:59  Orbital Command  
  29  3:03  SCV  
  30  3:12  Marine x2  
  31  3:13  Barracks Tech Lab  
  31  3:15  SCV  
  33  3:27  SCV  
  33  3:30  SCV  
  33  3:32  Marine x3  
  38  3:38  Starport  
  38  3:39  Factory Tech Lab  
  38  3:44  SCV  
  38  3:46  SCV  
  38  3:47  Combat Shields  
  40  3:49  Marine  
  40  3:54  Supply Depot  
  41  3:57  Marine, SCV  
  41  3:58  SCV  
  41  4:00  Marine  
  45  4:09  SCV  
  46  4:11  Supply Depot  
  46  4:16  Marine, Siege Tank, SCV  
  51  4:18  Supply Depot  
  51  4:22  Medivac  
  51  4:24  Marine  
  54  4:32  Marine, SCV x2  
  54  4:33  Supply Depot  
  54  4:35  Supply Depot  
  57  4:43  Marine  
  57  4:44  Marine, SCV  
  57  4:45  SCV  
  61  4:48  Supply Depot  
  61  4:50  Marine  
  61  4:51  Siege Tank  
  65  5:00  Viking  
  65  5:01  Marine, SCV  
  65  5:04  Supply Depot  
  68  5:21  Marine x2  
  68  5:22  Marine, SCV x2  
  73  5:28  Barracks  
  73  5:29  Engineering Bay, Barracks  
  73  5:32  Viking  
  75  5:39  Marine, SCV  
  75  5:42  SCV  
  76  5:45  Marine  
  76  5:46  Marine  
  76  5:47  Siege Tank  
  81  5:52  SCV  
  81  5:53  Stimpack  
  81  5:56  Supply Depot  
  82  6:00  SCV  
  81  6:05  Marine x2  
  81  6:06  Starport Reactor, Marine  
  81  6:09  SCV  
  85  6:13  SCV  
  85  6:16  Terran Infantry Weapons Level 1  
  86  6:18  Supply Depot  
  86  6:21  SCV  
  86  6:23  Marine x2  
  86  6:24  Barracks Reactor x2  
  89  6:29  Supply Depot, Marine  
  89  6:30  Refinery  
  90  6:41  Marine  
  90  6:44  SCV x2  
  90  6:45  Marine, Command Center, Refinery  
  94  6:49  Medivac  
  96  6:55  Marine  
  96  6:56  SCV  
  96  6:59  Medivac  
  96  7:00  Supply Depot  
  100  7:02  Supply Depot  
  100  7:04  Marine x2  
  100  7:05  Marine  
  100  7:08  SCV x2  
  104  7:10  Marine  
  106  7:17  Marine x3  
  106  7:22  Marine  
  110  7:27  Marine x2  
  110  7:28  Marine, Siege Tank  
  110  7:35  Marine, Medivac  
  110  7:37  Marine x2  
  112  7:38  Medivac  
  116  7:46  Marine x3  
  116  7:49  Supply Depot  
  119  7:51  Marine  
  119  7:52  Marine  
  119  7:55  SCV  
  119  7:57  Marine x2  
  124  8:03  Marine  
  124  8:04  SCV  
  126  8:07  Marine x2  
  126  8:08  Siege Tank  
  126  8:10  Terran Infantry Armor Level 1  
  131  8:17  Marine x4  
  131  8:18  Medivac  
  137  8:21  Marine  
  137  8:25  Marine x2  
  137  8:26  SCV x2  
  142  8:31  Medivac  
  140  8:35  Marine x4  
  140  8:40  Marine  
  145  8:43  Marine, Siege Tank  
  145  8:48  Marine  
  150  8:53  Marine x4  
  150  8:54  Medivac  
  156  8:58  Marine  
  156  9:02  Marine  
  156  9:05  Marine  
  156  9:09  Supply Depot  
  157  9:11  Marine x4  
  157  9:16  Marine  
  157  9:20  Armory  
  157  9:25  Marine x2  
  157  9:28  Marine  
  147  9:32  Marine x2  
  147  9:33  Marine  
  147  9:34  Marine  
  134  9:42  Medivac x2  
  134  9:43  Marine x2  
  140  9:46  Marine  
  140  9:50  Marine x2  
  140  9:51  Siege Tank  
  146  9:53  SCV x2  
  145  10:04  Marine  
  145  10:05  Marine x4  
  138  10:08  Marine, Orbital Command  
  138  10:11  Marine  
  140  10:18  Terran Infantry Weapons Level 2  
  140  10:22  Marine x3  
  140  10:27  Marine x2  
  140  10:28  Marine  
  146  10:32  Engineering Bay  
  146  10:37  SCV x2  
  146  10:41  Marine  
  149  10:43  Sensor Tower x2  
  149  10:49  Marine x2  
  151  10:51  Marine  
  151  10:52  Marine x3  
  151  10:53  Siege Tank  
  158  10:59  Marine  
  158  11:03  Medivac x2  
  163  11:06  Marine x2  
  163  11:07  Terran Infantry Armor Level 2  
  163  11:10  Marine x2  
  163  11:11  Marine x2  
  169  11:17  Marine  
  169  11:24  Marine x2  
  169  11:25  Supply Depot  
  170  11:26  Supply Depot  
  170  11:27  Supply Depot  
  170  11:28  Marine x2  
  170  11:29  Supply Depot  
  170  11:31  Marine  
  173  11:46  Marine, Medivac x2, Siege Tank  
  181  11:47  Marine x4  
  181  11:50  Marine x2  
  186  12:04  Marine  
  186  12:05  Marine x4  
  186  12:06  Terran Vehicle Weapons Level 1  
  190  12:09  Marine x2  
  192  12:16  Refinery, Command Center  
  192  12:17  Refinery  
  192  12:21  Marine  
  193  12:23  Marine x4  
  193  12:27  Marine x2  
  199  12:39  Marine  
  199  12:41  Marine x3  
  195  12:53  Viking, Marine x2  
  200  13:01  Terran Infantry Weapons Level 3  
  199  13:18  Marine x3  
  141  13:20  Marine x2  
  141  13:21  Marine x2  
  141  13:22  Siege Tank  
  109  13:32  Medivac x2  
  105  13:36  Marine x3  
  105  13:38  Marine x2  
  105  13:40  Marine x2  
  112  13:45  Terran Infantry Armor Level 3  
  112  13:53  Starport, Marine  
  112  13:54  Marine x2  
  115  13:57  Siege Tank  
  115  14:02  Marine x2  
  118  14:03  Viking, Marine x2  
  124  14:17  Marine x2  
  124  14:18  Marine  
  124  14:19  Viking  
  124  14:24  Marine x4  
  132  14:32  Viking  
  132  14:34  Sensor Tower  
  132  14:35  Marine x3  
  137  14:44  Marine x3  
  137  14:45  Marine  
  140  14:46  Viking  
  140  14:48  Siege Tank  
  145  14:53  Marine  
  145  14:54  Marine x2  
  145  14:59  Viking  
  150  15:02  Marine  
  150  15:04  Marine x2  
  150  15:05  Marauder  
  155  15:11  Marine  
  155  15:12  Marine, Sensor Tower  
  155  15:13  Marine  
  158  15:19  Marine, Medivac  
  161  15:22  Marine x2  
  161  15:27  Marine  
  164  15:30  Sensor Tower  
  164  15:33  Marine x2  
  164  15:34  Marine  
  154  15:42  Marine  
  154  15:43  Marine x2  
  154  15:45  Marine  
Show
View Real Time Build Order
Export as new Build Order

Miszu Terran - Winner!

Build Orders: Reaper Expand, Bio Tank 

Get SALT Encoding   

  12  0:01  SCV  
  13  0:13  SCV  
  14  0:17  Supply Depot  
  14  0:25  SCV  
  15  0:39  SCV  
  15  0:41  Barracks  
  16  0:45  Refinery  
  16  0:51  SCV  
  17  1:03  SCV  
  18  1:15  SCV  
  19  1:27  Orbital Command  
  19  1:28  Reaper  
  20  1:45  Command Center  
  20  1:53  SCV  
  21  2:01  Barracks Reactor  
  21  2:09  Supply Depot, SCV  
  21  2:12  Refinery  
  22  2:21  SCV  
  23  2:24  Factory  
  23  2:33  SCV  
  24  2:41  Marine x2  
  26  2:45  SCV  
  27  2:57  SCV  
  28  2:59  Marine x2  
  28  3:01  Orbital Command  
  30  3:09  SCV  
  30  3:17  Marine x2  
  32  3:21  SCV  
  32  3:22  Hellion  
  32  3:24  Starport  
  34  3:28  SCV  
  34  3:34  Marine x2, SCV  
  36  3:40  SCV  
  39  3:42  Widow Mine  
  39  3:46  SCV  
  42  3:53  SCV  
  43  3:57  Command Center  
  43  3:59  SCV  
  43  4:00  Medivac  
  46  4:08  Supply Depot  
  46  4:19  Factory Tech Lab  
  46  4:22  Barracks  
  46  4:23  Barracks  
  46  4:27  Engineering Bay  
  46  4:29  SCV x2  
  48  4:37  Supply Depot  
  48  4:39  Refinery, Siege Tank  
  48  4:41  SCV  
  48  4:43  SCV  
  48  4:45  Starport Reactor  
  53  4:53  SCV  
  53  4:58  Marine x2, SCV  
  57  5:05  SCV  
  58  5:12  SCV  
  58  5:13  Orbital Command  
  57  5:17  Barracks Tech Lab  
  57  5:18  Barracks Tech Lab, Siege Tank  
  57  5:19  SCV  
  61  5:25  Bunker  
  61  5:27  Viking  
  63  5:30  Viking  
  63  5:31  SCV  
  63  5:32  Refinery  
  65  5:43  SCV x2  
  65  5:44  Marine, Combat Shields  
  65  5:45  Marine x3, Stimpack  
  71  5:51  SCV  
  71  5:54  Supply Depot  
  71  5:55  Supply Depot  
  72  5:57  Siege Tank  
  72  6:01  Marine  
  74  6:07  Viking  
  76  6:12  Viking  
  76  6:15  Marine x3  
  80  6:19  Marine  
  80  6:21  Supply Depot  
  80  6:23  Terran Infantry Weapons Level 1  
  81  6:28  SCV  
  81  6:29  SCV  
  84  6:33  Marine x2  
  84  6:34  Marine  
  84  6:35  Siege Tank  
  84  6:37  Marine  
  85  6:43  SCV x2  
  85  6:44  Medivac x2  
  90  6:51  Marine x2  
  90  6:54  Barracks  
  92  6:55  Supply Depot, SCV  
  92  6:56  Barracks  
  92  6:59  Marine  
  92  7:00  Marine  
  95  7:05  Supply Depot  
  95  7:09  Marine x2, Siege Tank  
  95  7:12  Orbital Command  
  100  7:16  Medivac  
  100  7:20  Marine  
  100  7:22  Marine  
  102  7:23  Medivac  
  102  7:26  Marine  
  106  7:34  Marine  
  107  7:37  Marine  
  107  7:38  SCV  
  107  7:39  Supply Depot  
  107  7:40  Supply Depot, Marine  
  107  7:42  Sensor Tower  
  111  7:44  Marine, SCV x2  
  111  7:46  Medivac  
  111  7:50  SCV  
  116  7:55  Barracks Reactor  
  116  7:56  Barracks Reactor, SCV  
  117  8:01  Medivac, Siege Tank  
  117  8:02  SCV  
  117  8:03  SCV  
  117  8:05  Refinery  
  124  8:06  Refinery  
  124  8:17  Marine x3  
  124  8:18  Marine  
  124  8:19  SCV x3  
  131  8:26  Supply Depot  
  131  8:27  Supply Depot x2  
  131  8:33  Hellion  
  133  8:45  Terran Infantry Armor Level 1, Sensor Tower  
  133  8:47  Marine x3, Medivac x2  
  133  8:48  Marine x5, SCV x3  
  145  8:54  Siege Tank  
  151  9:05  Marine x3  
  151  9:06  Marine x3  
  157  9:10  Engineering Bay, Armory  
  157  9:25  Marine  
  157  9:28  Hellion  
  138  9:36  Marine x7  
  138  9:41  Medivac x2  
  138  9:42  Marine  
  143  9:49  Siege Tank  
  143  9:52  Factory  
  144  9:53  Marine  
  144  9:54  Marine x6  
  151  10:00  Marine  
  146  10:11  Marine  
  146  10:12  Marine x5, Marauder  
  146  10:13  Sensor Tower  
  154  10:14  Missile Turret  
  154  10:17  Medivac  
  154  10:18  Marine  
  157  10:23  Terran Infantry Weapons Level 2  
  157  10:24  Terran Vehicle Weapons Level 1  
  157  10:34  Supply Depot  
  157  10:42  Supply Depot  
  157  10:43  Supply Depot  
  157  10:44  Factory Tech Lab  
  157  10:50  Terran Infantry Armor Level 2  
  157  10:55  Marine x3, Medivac, Siege Tank  
  165  11:03  Marine x5, Medivac  
  172  11:05  Supply Depot x2  
  172  11:11  Siege Tank  
  175  11:16  Marine x2  
  178  11:18  Supply Depot  
  178  11:19  Supply Depot  
  179  11:27  Siege Tank  
  181  11:34  Barracks  
  181  11:36  Barracks  
  181  11:39  Barracks  
  179  11:43  Siege Tank  
  179  11:45  Marine, Medivac  
  179  11:46  Medivac  
  185  12:08  Siege Tank  
  185  12:15  Siege Tank  
  188  12:22  Marine  
  188  12:23  Marine x7  
  188  12:24  Medivac x2  
  188  12:25  Barracks Reactor x3  
  200  12:40  Marine  
  200  12:53  Terran Infantry Weapons Level 3  
  200  12:54  Terran Vehicle Weapons Level 2  
  200  13:19  Marine  
  157  13:20  Marine x13  
  157  13:21  Hellion, Siege Tank  
  133  13:37  Marine  
  133  13:38  Marine x4  
  138  13:42  Siege Tank  
  138  13:43  Terran Infantry Armor Level 3  
  143  14:02  Marauder, Orbital Command  
  145  14:07  Marine x7  
  145  14:08  Marine x2  
  154  14:13  Refinery  
  154  14:14  Siege Tank  
  154  14:15  Marine  
  156  14:17  Refinery  
  156  14:23  Marine, Siege Tank  
  160  14:44  Marine  
  160  14:45  Marine x8  
  162  14:46  Siege Tank  
  162  14:52  Marine x5  
  173  15:02  Marine  
  173  15:03  Marine x8  
  182  15:17  Command Center  
  182  15:26  Medivac x2, Siege Tank x2  
  190  15:53  Marine  
  190  15:56  Marine, Medivac  
  194  15:57  Marine x6  
  188  16:16  Marine x3  
  188  16:17  Marine x11  
Tags
 
Add a new tag
Caveats
  • Supply blocks, unpowered buildings, or Contaminate may cause inaccurate times.
  • Supply counts are checked every 10 seconds.